Map: Lost and Found LE

Players

Swatopluke - Winner!

  • Race: Protoss Protoss
  • League: Platinum
  • Spawn Location: 7:00

COMMODOR

  • Race: Zerg Zerg
  • League: Platinum
  • Spawn Location: 1:00

VOD

Have the link to the VOD?

Description

Time

  • Played on: Nov. 13, 2018, 3:49 p.m.
  • Length: 16:05
Show
View Real Time Build Order
Export as new Build Order

Swatopluke Protoss - Winner!

Build Orders: Mass Adepts 

Get SALT Encoding   

  12  0:00  Probe  
  13  0:12  Probe  
  14  0:18  Pylon  
  14  0:24  Probe  
  15  0:36  Probe  
  15  0:38  Gateway  
  16  0:48  Probe  
  16  0:49  Assimilator  
  17  0:56  Probe  
  17  1:03  Gateway  
  17  1:04  Probe  
  19  1:14  Assimilator  
  19  1:15  Probe  
  20  1:25  Cybernetics Core  
  20  1:27  Probe  
  21  1:34  Pylon  
  21  1:39  Probe  
  22  1:42  Warp Gate  
  22  2:01  Adept  
  22  2:02  Adept  
  26  2:11  Twilight Council  
  26  2:13  Shield Battery  
  26  2:15  Shield Battery  
  26  2:18  Gateway  
  26  2:20  Probe  
  27  2:27  Pylon  
  27  2:34  Probe  
  27  2:36  Adept  
  30  2:38  Resonating Glaives  
  30  2:45  Adept  
  32  2:55  Probe  
  33  3:06  Adept  
  33  3:08  Adept  
  37  3:17  Probe  
  38  3:29  Probe  
  35  3:41  Probe  
  35  3:43  Nexus  
  36  3:54  Probe  
  35  4:10  Adept x2  
  39  4:18  Pylon  
  39  4:20  Pylon  
  39  4:21  Pylon  
  39  4:36  Probe  
  40  4:38  Charge  
  38  4:47  Adept x3  
  38  4:50  Probe  
  45  5:03  Probe  
  46  5:08  Zealot x3  
  52  5:15  Pylon  
  52  5:18  Assimilator  
  52  5:21  Gateway  
  52  5:23  Gateway  
  52  5:37  Zealot x2  
  52  5:38  Zealot  
  52  5:40  Probe x2  
  60  5:46  Assimilator  
  60  5:52  Probe x2  
  62  6:05  Zealot  
  62  6:06  Zealot x2  
  68  6:12  Probe  
  68  6:13  Probe  
  68  6:16  Shield Battery  
  70  6:18  Shield Battery  
  52  7:05  Zealot x3  
  52  7:06  Probe, Zealot  
  52  7:07  Probe, Zealot  
  62  7:14  Probe, Templar Archives  
  62  7:15  Probe  
  64  7:18  Gateway  
  64  7:20  Gateway  
  66  7:23  Probe x2  
  68  7:35  Probe  
  68  7:36  Robotics Facility  
  69  7:37  Probe  
  69  7:44  Zealot x4  
  74  7:48  Probe, Nexus  
  74  7:49  Probe  
  80  8:00  Zealot  
  80  8:04  Psionic Storm  
  82  8:06  Zealot x2  
  86  8:21  Forge  
  86  8:23  Pylon  
  86  8:30  Pylon  
  86  8:40  Immortal  
  86  8:41  Probe x2  
  86  8:42  High Templar  
  94  8:53  Pylon, Probe x2  
  94  8:54  Pylon  
  96  8:56  Pylon  
  96  9:03  Protoss Ground Weapons Level 1  
  96  9:04  High Templar x6  
  108  9:19  Probe x2  
  108  9:20  Immortal  
  114  9:29  High Templar  
  116  9:34  Probe x2  
  116  9:36  Assimilator  
  118  9:38  Gateway x2  
  118  9:41  Zealot x2  
  118  9:42  Zealot x3  
  118  9:45  Archon x2  
  84  10:31  Zealot  
  84  10:32  Zealot x6  
  84  10:34  Immortal  
  92  10:42  Protoss Ground Weapons Level 2  
  78  10:50  High Templar  
  78  10:51  Probe x2, High Templar  
  78  10:55  Probe  
  85  10:57  Assimilator  
  85  10:58  Zealot x3  
  85  10:59  Zealot x4  
  85  11:03  Probe  
  100  11:13  Probe x2  
  100  11:18  Immortal  
  102  11:42  High Templar x3  
  102  11:43  High Templar x5  
  102  11:44  High Templar  
  102  11:45  Probe x3  
  123  11:51  Robotics Facility  
  123  11:52  Archon x3  
  123  11:53  Archon  
  123  11:57  Probe x3  
  126  12:09  Probe x2  
  126  12:10  Probe  
  126  12:14  Stalker  
  126  12:15  Stalker x3  
  137  12:16  Stalker  
  137  12:17  Stalker  
  137  12:18  Nexus  
  141  12:25  Pylon x2  
  141  12:27  Assimilator  
  141  12:28  Pylon  
  141  12:29  Pylon  
  141  12:30  Pylon  
  141  12:43  Probe x3  
  141  12:44  Observer  
  133  12:58  Protoss Ground Armor Level 1  
  115  13:11  High Templar x2  
  123  13:13  High Templar x3, Immortal  
  123  13:14  High Templar x2  
  123  13:15  High Templar  
  123  13:16  Zealot  
  123  13:17  Probe  
  138  13:35  Gateway  
  138  13:36  Probe x2  
  138  13:37  Zealot, Gateway  
  138  13:39  Gateway  
  146  13:41  Immortal  
  146  13:44  Archon x2  
  146  13:45  Archon x3  
  146  13:48  Zealot x4  
  150  13:49  Zealot x4  
  150  13:52  Immortal  
  154  14:17  High Templar  
  154  14:18  High Templar x4  
  154  14:19  Zealot  
  154  14:21  Zealot x3  
  172  14:42  Zealot x4  
  122  15:24  Zealot x3  
  122  15:25  Zealot  
  122  15:27  Zealot x3  
  112  15:32  Archon x2  
  112  15:33  Archon  
  102  15:46  Zealot x4  
  102  15:47  Zealot  
  110  16:00  Zealot x5  
Show
View Real Time Build Order
Export as new Build Order

COMMODOR Zerg 

Build Orders: Hatch First, Swarm Host 

Get SALT Encoding   

  12  0:02  Drone  
  13  0:12  Drone  
  14  0:22  Extractor  
  14  0:25  Extractor, Drone  
  14  0:26  Drone  
  16  0:44  Hatchery  
  15  1:00  Spawning Pool  
  15  1:02  Extractor  
  15  1:03  Drone  
  14  1:10  Overlord  
  14  1:30  Drone x3  
  17  1:45  Drone  
  18  1:48  Queen  
  20  1:54  Drone  
  20  1:59  Drone  
  22  2:04  Drone  
  22  2:07  Metabolic Boost  
  23  2:10  Zergling x2  
  24  2:35  Queen  
  24  2:36  Queen  
  27  2:43  Spine Crawler  
  26  2:49  Roach Warren  
  26  2:50  Drone  
  26  2:58  Overlord  
  26  3:02  Zergling x4  
  28  3:07  Overlord  
  24  3:38  Drone x3  
  27  3:45  Roach x2  
  27  3:46  Roach x2  
  35  3:49  Drone x2  
  37  4:08  Drone  
  37  4:09  Drone x4  
  40  4:13  Drone  
  40  4:17  Drone  
  41  4:45  Roach  
  43  4:46  Overlord x2  
  43  4:47  Overlord  
  43  4:50  Lair  
  43  4:58  Evolution Chamber  
  42  5:00  Evolution Chamber  
  41  5:12  Roach x5  
  51  5:17  Drone  
  51  5:19  Drone  
  53  5:40  Drone x6  
  59  5:48  Drone x2  
  61  5:50  Extractor  
  61  5:52  Extractor  
  59  6:06  Zerg Ground Armor Level 1  
  59  6:12  Roach x4  
  59  6:14  Overlord  
  59  6:15  Overlord  
  59  6:36  Queen  
  57  6:53  Roach x3  
  57  6:54  Roach  
  62  6:59  Drone x2  
  60  7:11  Hydralisk Den  
  60  7:14  Hatchery  
  60  7:15  Extractor  
  57  7:16  Drone x2  
  57  7:17  Drone x3  
  57  7:19  Drone  
  63  7:41  Zerg Missile Weapons Level 1  
  63  7:43  Drone x2  
  63  7:44  Drone x2  
  66  7:45  Drone  
  66  7:47  Queen  
  66  7:49  Queen  
  72  7:54  Zergling x14  
  79  8:07  Drone x2  
  81  8:18  Baneling Nest  
  80  8:28  Drone x3  
  80  8:29  Drone, Spine Crawler  
  80  8:30  Drone x2  
  85  8:43  Ravager x5  
  85  8:46  Overlord x3  
  90  9:03  Overseer  
  90  9:07  Drone  
  90  9:08  Drone x7  
  98  9:10  Hydralisk x3  
  98  9:11  Hydralisk  
  98  9:16  Centrifical Hooks  
  106  9:27  Spore Crawler  
  106  9:28  Spine Crawler  
  104  9:31  Roach x2, Spine Crawler  
  104  9:32  Roach, Zergling x4, Extractor  
  104  9:35  Extractor  
  104  9:36  Baneling x4  
  104  9:37  Baneling  
  109  9:57  Zergling x8  
  109  9:58  Zergling x2  
  114  10:14  Overlord x4  
  74  10:41  Hydralisk x3  
  74  10:42  Hydralisk x2  
  78  10:43  Roach x3, Hydralisk  
  88  11:03  Hatchery  
  87  11:09  Overseer  
  87  11:19  Queen  
  87  11:20  Infestation Pit, Hydralisk x2  
  87  11:21  Hydralisk x7  
  87  11:23  Zerg Melee Weapons Level 1  
  106  11:45  Drone x3  
  106  11:46  Drone x4  
  113  12:07  Swarm Host  
  113  12:08  Swarm Host x4  
  116  12:14  Ravager x2  
  130  12:15  Overlord x2  
  130  12:16  Overlord  
  130  12:19  Zergling x8  
  134  12:27  Hatchery  
  133  12:30  Zergling x10  
  133  12:31  Zergling x2  
  139  12:37  Grooved Spines  
  139  12:39  Glial Reconstitution  
  111  13:14  Swarm Host x3  
  111  13:15  Swarm Host x3  
  111  13:16  Zergling x2  
  111  13:17  Zergling x22  
  141  13:26  Overseer  
  141  13:40  Hatchery  
  140  13:44  Roach x3, Hydralisk x3  
  140  13:45  Roach  
  154  13:49  Muscular Augments  
  153  14:10  Hydralisk x3  
  153  14:13  Overlord x3  
  141  15:09  Zergling x4  
  141  15:10  Zergling x12  
Tags
 
Add a new tag
Caveats
  • Supply blocks, unpowered buildings, or Contaminate may cause inaccurate times.
  • Supply counts are checked every 10 seconds.